 Dungeon Crawl Stone Soup version 0.28-a0-2-g643f2454ad (webtiles) character file.

Game seed: 16085587240770990300

10145 tilp the Frost Mage (level 11, -7/48 HPs)
             Began as a Felid Hedge Wizard on July 21, 2021.
             Was a Priest of Makhleb.
             Mangled by a black mamba (18 damage)
             ... on level 3 of the Lair of Beasts on July 23, 2021.
             The game lasted 01:08:12 (32210 turns).

tilp the Frost Mage (Felid Hedge Wizard)           Turns: 32210, Time: 01:08:13

Health: -7/48      AC:  2    Str:  6    XL:     11   Next: 32%
Magic:  14/18      EV: 25    Int: 25    God:    Makhleb [***...]
Gold:   1029       SH:  0    Dex: 16    Spells: 1/18 levels left
                                        Lives:  0   Deaths: 3

rFire   . . .      SeeInvis +     - Unarmed
rCold   . . .      Faith    .   (shield unavailable)
rNeg    . . .      Spirit   .   (armour unavailable)
rPois   .          Reflect  .   (helmet unavailable)
rElec   .          Harm     .   (cloak unavailable)
rCorr   .          Rampage  .   (gloves unavailable)
Will    +....                   (boots unavailable)
Stlth   ++++......              l - amulet of regeneration
HPRegen 1.16/turn               c - +4 ring of evasion
MPRegen 0.16/turn               D - +6 ring of intelligence

@: lethally poisoned (-7 -> -19), freezing walls, quick
A: very small, claws 1, fangs 3, see invisible, speed 1, shaggy fur 2, stealthy
paws, no weapons or thrown items, no armour, multi-lived
a: Renounce Religion, Minor Destruction, Lesser Servant of Makhleb


You were on level 3 of the Lair of Beasts.
You worshipped Makhleb.
Makhleb was most pleased with you.
You visited 3 branches of the dungeon, and saw 16 of its levels.
You also visited: Ossuary.

You collected 1029 gold pieces.

Inventory:

Jewellery
 b - a ring of flight
 c - a +4 ring of evasion (left paw)
 l - an amulet of regeneration (around neck)
 w - an amulet of magic regeneration
 D - a +6 ring of intelligence (right paw)
Wands
 a - a wand of digging (11)
 m - a wand of flame (1)
 o - a wand of acid (1)
 p - a wand of mindburst (25)
 u - a wand of charming (17)
 x - a wand of iceblast (18)
 y - a wand of polymorph (10)
Scrolls
 h - 4 scrolls of noise
 k - 3 scrolls of immolation
 q - 2 scrolls of blinking
 s - 2 scrolls of magic mapping
 t - 5 scrolls of teleportation
 A - a scroll of amnesia
Potions
 d - 3 potions of heal wounds
 e - 5 potions of lignification
 f - a potion of might
 g - 4 potions of curing
 i - 5 potions of attraction
 j - a potion of berserk rage {unknown}
 n - a potion of invisibility {unknown}
 r - 2 potions of haste
 z - a potion of flight {unknown}
 B - a potion of magic {unknown}
 E - 2 potions of mutation {unknown}
 F - a potion of brilliance {unknown}
Miscellaneous
 v - a phial of floods
 C - a tin of tremorstones (2/2)


   Skills:
 + Level 6.1 Fighting
 + Level 8.1 Dodging
 + Level 8.1 Stealth
 + Level 8.1 Unarmed Combat
 - Level 4.0 Spellcasting
 - Level 8.0 Conjurations
 - Level 4.0 Hexes
 - Level 1.0 Summonings
 - Level 4.0 Translocations
 - Level 12.0 Ice Magic
 - Level 4.0 Invocations
 - Level 4.0 Evocations


You had one spell level left.
You knew the following spells:

 Your Spells              Type           Power      Damage    Failure   Level
a - Magic Dart            Conj           100%       1d8       1%          1
b - Call Imp              Summ           10%        N/A       9%          2
c - Blink                 Tloc           N/A        N/A       2%          2
d - Slow                  Hex            25%        N/A       2%          2
e - Ensorcelled Hibernat  Hex/Ice        90%        N/A       1%          2
f - Freeze                Ice            100%       1d11      1%          1
g - Frozen Ramparts       Ice            100%       1d12      1%          3
h - Hailstorm             Conj/Ice       53%        3d12      1%          4

Your spell library contained the following spells:

 Spells                   Type           Power      Damage    Failure   Level
 Conjure Flame            Conj/Fire      25%        6-21      5%          3
 Lesser Beckoning         Tloc           12%        N/A       5%          3
 Fulminant Prism          Conj/Hex       17%        3d11      8%          4
 Iskenderun's Mystic Bla  Conj/Tloc      35%        2d8       8%          4
 Mephitic Cloud           Conj/Pois/Air  18%        N/A       10%         3
 Poisonous Vapours        Pois/Air       10%        N/A       14%         2
 Sublimation of Blood     Necr           2%         N/A       14%         2
 Spider Form              Tmut/Pois      2%         N/A       26%         3
 Irradiate                Conj/Tmut      12%        3d18      43%         5
 Manifold Assault         Tloc           25%        N/A       43%         5
 Summon Lightning Spire   Summ/Air       7%         N/A       58%         4
 Petrify                  Tmut/Erth      5%         N/A       65%         4
 Blade Hands              Tmut           2%         N/A       94%         5
 Lee's Rapid Deconstruct  Erth           2%         3d6*      94%         5
 Shadow Creatures         Summ           N/A        N/A       100%        6
 Portal Projectile        Hex/Tloc       Unusable   N/A       N/A         3
 Excruciating Wounds      Necr           Unusable   N/A       N/A         5

Dungeon Overview and Level Annotations

Branches:
Dungeon (12/15)            Temple (1/1) D:6            Lair (3/6) D:8
  Snake (0/4) Lair:2          Orc (0/2) D:9         Ossuary (visited)
  Swamp: Lair:2-4    Shoals: Lair:2-4

Altars:
Ashenzari
Cheibriados
Dithmenos
Elyvilon
Fedhas
Gozag
Hepliaklqana
Kikubaaqudgha
Makhleb
Nemelex Xobeh
Okawaru
Qazlal
Ru
Sif Muna
Trog
Uskayaw
Vehumet
Wu Jian
Xom
Yredelemnul
Zin
The Shining One

Shops:
D:1 :   D:6 (

Portals:
Trove: D:10 (give 17 potions of curing)

Annotations:
D:4 Grinder
D:7 exclusions: bullfrog, orc warrior and tengu warrior
D:12 exclusion: gargoyle, Snorg
Lair:1 exclusion: oklob plant
Lair:2 1 exclusion


Innate Abilities, Weirdness & Mutations

You have sharp claws.
You have razor-sharp teeth.
You have supernaturally acute eyesight. (SInv)
You cover ground quickly. (Speed+)
You are covered in thick fur. (AC +2)
Your paws help you pounce on unaware monsters.
You are incapable of wielding weapons or throwing items.
You cannot wear armour.
You gain extra lives every three experience levels.


Message History

Casting: Ensorcelled Hibernation (safe; 1% risk of failure)
Confirm with . or Enter, or press ? or * to list all spells.
Aiming: Ensorcelled Hibernation (safe; 1% risk of failure)
Press: ? - help, Shift-Dir - straight line, f - black mamba
Aim: a black mamba (chance to affect: 70%)
The black mamba looks drowsy...
Unknown command.
The black mamba hisses angrily.
You barely miss the black mamba. The black mamba misses you.
The black mamba bites you.
You are poisoned.
The black mamba poisons you!
You scratch the black mamba.
The black mamba is lightly wounded.
You feel very sick. The black mamba completely misses you.
Unknown command.
You feel very sick. The black mamba misses you.
Casting: Ensorcelled Hibernation (safe; 1% risk of failure)
Confirm with . or Enter, or press ? or * to list all spells.
Casting: Frozen Ramparts (safe; 1% risk of failure)
Press: ? - help, Dir - look around, f - activate The walls around you are covered in ice.
You feel sick.
The wall freezes the black mamba.
The black mamba seems to slow down.
The black mamba bites you!!
You are lethally poisoned!
The black mamba poisons you!
The wall freezes the black mamba.
The black mamba seems to slow down.
The black mamba misses you.
You barely miss the black mamba.
The black mamba is moderately wounded.
* * * LOW HITPOINT WARNING * * *
You feel extremely sick.
Unknown command.
You feel better.
The wall freezes the black mamba!
The black mamba bites you!
* * * LOW HITPOINT WARNING * * *
You are lethally poisoned!
The black mamba poisons you!
The wall freezes the black mamba.
The black mamba bites you!!
You die...

##..## #....... #
###...####........ ....###
........#......... .......
.............#...## .#..#......
P#.#..........#...##..#...#......
####..........#... #..##..##.....
#..........#..# #..##.........
#.........##.S###.......#.....
####............@.#...#P..#......
.##..........#...##...#..........
............^....................
..........................<......
##########.##.##P..#.#.##...###P.
##### ########.##### ### ###


You could see a black mamba (slow).

Vanquished Creatures
  2 hydras (Lair:2)
  A boulder beetle (D:11)
  3 two-headed ogres
  Nergalle (D:10)
  2 cyclopes
  An elephant (D:8)
  2 black mambas
  A torpor snail (Lair:2)
  4 cane toads
  A gargoyle (D:11)
  4 komodo dragons
  A kobold demonologist (D:9)
  3 trolls
  A hornet (D:8)
  8 blink frogs
  2 water elementals (D:11)
  3 wyverns
  28 yaks
  Grum (D:10)
  A steam dragon (D:9)
  2 wargs (D:9)
  2 swamp worms (Lair:2)
  2 nagas (Lair:2)
  5 water moccasins
  2 sky beasts
  A black bear (D:4)
  5 orc warriors
  An ogre (D:10)
  14 wolves
  4 centaurs
  6 bullfrogs
  A wyvern zombie (D:7)
  A water moccasin skeleton (D:4)
  A wyvern skeleton (D:5)
  Dowan (D:4)
  8 killer bees
  5 wights
  5 howler monkeys
  2 electric eels (D:11)
  5 centaur zombies
  2 hounds (D:5)
  2 human zombies (Ossuary)
  An orc priest (D:10)
  3 orc wizards
  A hound zombie (D:5)
  2 mummies (Ossuary)
  A howler monkey skeleton (D:4)
  3 adders
  A gnoll (D:4)
  3 white imps
  An ufetubus (D:7)
  An adder zombie (Ossuary)
  2 adder skeletons (D:4)
  3 worms
  A dart slug (D:4)
  23 orcs
  8 ball pythons
  4 endoplasms
  3 giant cockroaches
  6 hobgoblins
  4 jackals (D:1)
  7 kobolds
  2 quokkas
  10 bats
  3 frilled lizards
  3 goblins (D:1)
  A goblin zombie (Ossuary)
  8 hobgoblin zombies (Ossuary)
  11 kobold zombies (Ossuary)
  7 orc zombies (Ossuary)
  4 rats
  A rat zombie (Ossuary)
275 creatures vanquished.

Vanquished Creatures (collateral kills)
  7 yaks
  A warg (D:9)
  Duvessa (D:4)
  2 black bears (D:8)
  An elf zombie (Ossuary)
  A bullfrog (D:9)
  A wyvern skeleton (D:5)
  A howler monkey (D:6)
  2 centaur zombies (Ossuary)
  A bullfrog zombie (D:6)
  A jelly (D:7)
  2 hounds (D:4)
  A gnoll shaman (D:3)
  An iguana (D:5)
  3 orc wizards
  5 gnolls
  5 adders
  A white imp (D:5)
  3 worms
  2 orcs (D:3)
  A bat (D:3)
  3 endoplasms
  A hobgoblin (D:4)
  A ball python (D:3)
  3 goblin zombies (Ossuary)
51 creatures vanquished.

Vanquished Creatures (others)
  13 fungi
  17 plants
30 creatures vanquished.

Grand Total: 356 creatures vanquished

Notes
Turn   | Place    | Note
-------+----------+-------------------------------------------
     0 | D:1      | tilp the Felid Hedge Wizard began the quest for the Orb.
     0 | D:1      | Reached XP level 1. HP: 7/7 MP: 5/5
   197 | D:1      | Reached skill level 1 in Unarmed Combat
   676 | D:1      | Reached XP level 2. HP: 8/11 MP: 1/7
   679 | D:1      | Learned a level 2 spell: Blink
   682 | D:1      | Learned a level 2 spell: Call Imp
   685 | D:1      | Learned a level 2 spell: Slow
  2100 | D:1      | Found Honeves's Book Shop.
  2134 | D:1      | Reached XP level 3. HP: 14/14 MP: 6/8
  3629 | D:3      | Reached XP level 4. HP: 18/18 MP: 4/9
  3809 | D:3      | Reached skill level 1 in Fighting
  5098 | D:4      | Reached skill level 1 in Conjurations
  5098 | D:4      | Reached XP level 5. HP: 3/22 MP: 2/10
  5255 | D:4      | Found a sand-covered staircase.
  5376 | Ossuary  | Entered an ossuary
  6397 | Ossuary  | Gained mutation: You are covered in thick fur. (AC +2)
                  | [Felid growth]
  6397 | Ossuary  | Reached XP level 6. HP: 14/26 MP: 2/11
  7130 | D:4      | Noticed Grinder
  7140 | D:4      | Paralysed by Grinder for 6 turns
  7977 | D:4      | Noticed Dowan
  7998 | D:4      | Killed Dowan
  7999 | D:4      | Reached skill level 5 in Dodging
  7999 | D:4      | Reached skill level 5 in Stealth
  8811 | D:4      | Noticed Duvessa
  9422 | D:5      | Entered Level 5 of the Dungeon
  9443 | D:4      | Reached XP level 7. HP: 30/30 MP: 3/12
  9648 | D:5      | Found a shimmering altar of Xom.
  9657 | D:5      | HP: 1/30 [wyvern skeleton (10)]
 10072 | D:5      | Reached skill level 5 in Unarmed Combat
 11807 | D:5      | Found a shimmering altar of Xom.
 11915 | D:6      | You are sucked into a shaft and drop 2 floors!
 11915 | D:8      | Found a shimmering blue altar of Sif Muna.
 11926 | D:8      | Noticed a yak
 11930 | D:8      | Noticed a yak
 11932 | D:8      | HP: 1/30 [orc wizard] (6)]
 11932 | D:8      | Slain by an orc wizard
 11933 | D:8      | Reached XP level 6. HP: -1/26 MP: 8/11
 11967 | D:7      | Reached XP level 7. HP: 30/30 MP: 11/13
 12009 | D:6      | Found a staircase to the Ecumenical Temple.
 12019 | Temple   | Entered the Ecumenical Temple
 12121 | Temple   | Became a worshipper of Makhleb the Destroyer
 12149 | D:6      | Found Zeupnain's Antique Weapon Shop.
 12992 | D:7      | Found a white marble altar of Elyvilon.
 13604 | D:7      | Noticed a tengu warrior
 13668 | D:7      | Found a sacrificial altar of Ru.
 13669 | D:7      | Found a radiant altar of Vehumet.
 14489 | D:7      | Found a sparkling altar of Nemelex Xobeh.
 14804 | D:8      | Noticed a two-headed ogre
 14949 | D:8      | Noticed a yak
 14950 | D:8      | Noticed a yak
 14950 | D:8      | Noticed a yak
 14951 | D:8      | Noticed a yak
 14951 | D:8      | Noticed a yak
 14981 | D:8      | Killed a yak
 14982 | D:8      | Reached XP level 8. HP: 6/36 MP: 8/15
 15242 | D:8      | Noticed a hornet
 15298 | D:8      | Reached skill level 1 in Evocations
 16294 | D:8      | Reached skill level 5 in Conjurations
 16294 | D:8      | Reached XP level 9. HP: 32/39 MP: 1/16
 17272 | D:8      | Found a staircase to the Lair.
 17272 | D:8      | Noticed an elephant
 17298 | D:8      | Killed an elephant
 17725 | D:8      | Learned a level 2 spell: Ensorcelled Hibernation
 17912 | D:9      | Noticed a troll
 17915 | D:9      | Killed a troll
 17915 | D:9      | Noticed a white ugly thing
 18689 | D:9      | Reached skill level 5 in Fighting
 19326 | D:9      | Reached * piety under Makhleb
 19793 | D:9      | Reached skill level 1 in Ice Magic
 19793 | D:9      | Reached XP level 10. HP: 30/45 MP: 10/17
 19811 | D:9      | Reached skill level 2 in Ice Magic
 20108 | D:9      | Found a staircase to the Orcish Mines.
 20524 | D:9      | Noticed a cyclops
 20604 | D:10     | Entered Level 10 of the Dungeon
 20604 | D:10     | Noticed Nergalle
 20609 | D:9      | Learned a level 1 spell: Freeze
 20613 | D:9      | Learned a level 3 spell: Frozen Ramparts
 20654 | D:9      | Reached skill level 3 in Ice Magic
 20835 | D:4      | Killed Duvessa
 21289 | D:8      | Reached skill level 4 in Ice Magic
 21748 | D:10     | Noticed Grum
 21953 | D:10     | Noticed a sun demon
 21957 | D:10     | Noticed a sun demon
 22028 | D:10     | Noticed a rust devil
 22438 | D:10     | Reached skill level 5 in Ice Magic
 22637 | D:10     | Found a portal to a secret trove of treasure.
 22923 | D:10     | Killed Nergalle
 23473 | D:11     | Noticed a boulder beetle
 23479 | D:11     | Reached skill level 6 in Ice Magic
 23622 | D:11     | Noticed a cyclops
 24159 | D:11     | Killed a cyclops
 24812 | D:11     | Reached XP level 11. HP: 35/48 MP: 11/18
 24820 | D:11     | Reached ** piety under Makhleb
 24875 | D:10     | Learned a level 4 spell: Hailstorm
 24892 | D:11     | Noticed a two-headed ogre
 24913 | D:11     | Killed a two-headed ogre
 24914 | D:11     | Reached skill level 7 in Ice Magic
 25305 | D:11     | Reached skill level 8 in Ice Magic
 25497 | D:11     | Got the Disquisition on Weightlessness
 26039 | D:11     | Noticed a two-headed ogre
 26051 | D:11     | Killed a two-headed ogre
 26813 | D:8      | Killed a two-headed ogre
 27326 | D:10     | Killed Grum
 27481 | D:12     | Noticed Snorg
 27698 | D:11     | Mangled by a boulder beetle
 27699 | D:11     | Reached XP level 10. HP: -10/45 MP: 0/17
 27699 | D:11     | Upgraded the game from 0.27-a0-1612-gde56a17b89 to
                  | 0.28-a0-2-g643f2454ad
 27724 | D:11     | Killed a boulder beetle
 27799 | Lair:1   | Entered Level 1 of the Lair of Beasts
 27969 | Lair:1   | You are sucked into a shaft and drop 1 floor!
 27971 | Lair:2   | Noticed a black mamba
 27980 | Lair:1   | Noticed an oklob plant
 28086 | Lair:1   | Reached XP level 11. HP: 48/48 MP: 4/18
 28726 | Lair:1   | Reached skill level 9 in Ice Magic
 29370 | Lair:2   | Reached skill level 10 in Ice Magic
 29595 | Lair:2   | Noticed a six-headed hydra
 29665 | Lair:2   | Killed a six-headed hydra
 30110 | Lair:2   | Noticed a six-headed hydra
 30314 | Lair:2   | Reached skill level 11 in Ice Magic
 30400 | Lair:2   | Found a staircase to the Snake Pit.
 30407 | Lair:2   | Killed from afar by a swamp worm
 30408 | Lair:2   | Reached XP level 10. HP: -7/45 MP: 9/17
 30417 | Lair:2   | Killed a six-headed hydra
 30666 | Lair:2   | Reached XP level 11. HP: 48/48 MP: 0/18
 31541 | Lair:3   | Reached *** piety under Makhleb
 31795 | Lair:3   | Reached skill level 12 in Ice Magic
 32210 | Lair:3   | Mangled by a black mamba

Illustrated notes

Levels and vault maps discovered:
D:1:      dpeg_arrival_fog, layout_loops_corners, serial_forest,
          infiniplex_forest_clump_curved, infiniplex_forest_clump_C,
          infiniplex_forest_end_2, infiniplex_forest_split,
          infiniplex_forest_diagonal, infiniplex_forest_lined_room_,
          serial_shops, shop
D:2:      layout_rooms
D:3:      layout_basic, minivault_25
D:4:      layout_rooms, nicolae_ossuary_entry_ruins, uniq_grinder, uniq_duvessa
D:5:      layout_rooms, mainiacjoe_overflow_alcove_2
D:6:      layout_basic, temple_fountains, serial_shops, nicolae_shop_waterfront
D:7:      nzn_winding_woodlands_small [nzn_winding_woodlands_5x15_concentric,
          nzn_winding_woodlands_center_diamonds,
          nzn_winding_woodlands_5x15_sawtooth], layout_layer_cave,
          mainiacjoe_overflow_divided_tiny, mainiacjoe_overflow_catch_the_wave
D:8:      layout_gridville, tgw_sif, david_lair_generic
D:9:      layout_loops_corners, minmay_orc_entry_guard_dogs, grunt_ministairs_6,
          st_stairs_11
D:10:     layout_roguey, enter_trove_3, special_room [special_room_orc],
          dk_vineyard_2, uniq_nergalle, uniq_grum
D:11:     layout_basic
D:12:     layout_long_grid, serial_shops, nicolae_shop_stone, uniq_snorg
Temple:   lightli_temple_of_artemis
Lair:1:   minmay_lair_oklob_tunnel, layout_regular_city,
          eino_small_chamber_without_monster
Lair:2:   layout_roguey, palyth_hydra_swamp_entry, guppyfry_snake_entry_island,
          serial_bayou_shore_b
Lair:3:   layout_long_grid

Skill      XL: |  1  2  3  4  5  6  7  8  9 10 11 |
---------------+----------------------------------+-----
Unarmed Combat | 1 2 4 6 8 |  8.1
Stealth        | 3 4 5 6 8 7 |  8.1
Dodging        | 3 4 5 6 8 7 |  8.1
Fighting       | 2 4 6 |  6.1
Conjurations   | 1 2 4 5 6 7 8 |  8.0
Spellcasting   | 4 |  4.0
Translocations | 4 |  4.0
Evocations     | 4 |  4.0
Hexes          | 4 |  4.0
Ice Magic      | 1 6 12 | 12.0
Invocations    | 4 |  4.0
Summonings     | |  1.0

Action                   |  1- 3 |  4- 6 |  7- 9 | 10-12 || total
-------------------------+-------+-------+-------+-------++-------
Melee: Unarmed           |    88 |   299 |   349 |   403 ||  1139
       Bite              |     3 |    25 |    29 |    40 ||    97
       Punch             |     2 |     3 |    10 |    15 ||    30
 Cast: Magic Dart        |    64 |    49 |    36 |    38 ||   187
       Call Imp          |    11 |    48 |   142 |    22 ||   223
       Blink             |       |     1 |     2 |     7 ||    10
       Slow              |       |       |    28 |     1 ||    29
       Frozen Ramparts   |       |       |       |    61 ||    61
       Hailstorm         |       |       |       |    70 ||    70
       Ensorcelled Hiber |       |       |       |    23 ||    23
Invok: Minor Destruction |       |       |       |     2 ||     2
Evoke: Wand              |       |       |     4 |    12 ||    16
  Use: Scroll            |     6 |     4 |     3 |     7 ||    20
       Potion            |       |       |       |     3 ||     3
 Stab: Sleeping          |     1 |     8 |     2 |    10 ||    21
       Distracted        |     1 |     3 |    10 |     1 ||    15
Armor: Skin              |     5 |    20 |    11 |    17 ||    53
Dodge: Dodged            |    92 |   245 |   296 |   453 ||  1086

Table legend: (Time is in decaauts)
 A = Elapsed time spent in this place.
 B = Non-inter-level travel time spent in this place.
 C = Inter-level travel time spent in this place.
 D = Time resting spent in this place.
 E = Time spent auto-exploring this place.
 F = Levels seen in this place.
 G = Mean time per level.
                   A        B        C        D        E       F      G
               +--------+--------+--------+--------+--------+-----+--------+
         Total |  29375 |  27292 |   2083 |  13970 |   8696 |  17 | 1727.9 |
       Dungeon |  23638 |  21670 |   1968 |  10905 |   7256 |  12 | 1969.8 |
        Temple |     91 |     82 |      9 |      0 |     74 |   1 |   91.0 |
          Lair |   4046 |   3940 |    106 |   2160 |   1282 |   3 | 1348.7 |
       Ossuary |   1599 |   1599 |      0 |    905 |     83 |   1 | 1599.0 |
               +--------+--------+--------+--------+--------+-----+--------+

Top non-repeatable levels by time:
     D:8: 3058 daAuts
    D:11: 2736 daAuts
     D:9: 2701 daAuts
     D:1: 2647 daAuts
     D:3: 2547 daAuts
     D:7: 2519 daAuts
     D:5: 2115 daAuts
  Lair:2: 1912 daAuts
     D:4: 1728 daAuts
    D:10: 1663 daAuts
 Ossuary: 1599 daAuts
  Lair:1: 1261 daAuts
     D:6: 1160 daAuts
  Lair:3: 872 daAuts
     D:2: 757 daAuts
